[Event "Uruguayan Championship 2022"]
[Site "Montevideo"]
[Date "2022.04.10"]
[Round "3.6"]
[White "Carbone, Diego"]
[Black "Coppola, Claudio"]
[Result "0-1"]
[ECO "A58"]
[WhiteElo "2272"]
[BlackElo "2285"]
[Annotator "RC"]
[PlyCount "106"]
[EventDate "2022.04.08"]
[EventType "tourn"]
[EventCountry "URU"]
[SourceTitle "playchess.com"]
[Source "ChessBase"]
[SourceQuality "1"]
[TimeControl "40/5400+30:1800+30"]

1. d4 Nf6 2. c4 c5 3. d5 b5 4. cxb5 a6 5. bxa6 g6 6. Nc3 Bg7 7. e4 O-O 8. a7 Rxa7 9. Nf3 d6 10. Be2 Na6 11. O-O Nc7 12. a4 Ba6 13. Ra3 Qa8 14. Re1 Rb8 15. Bxa6 Rxa6 16. Qd3 Nd7 17. b3 Rab6 18. Nd2 Ne5 19. Qc2 Qa6 20. Re3 h5 21. Nd1 Rb4 22. h3 Bh6 23. Rc3 Qe2 24. Ne3 Rd4 25. Ra1 Rd3 26. Ndf1 Qxc2 27. Rxc2 Rdxb3 28. a5 Bg7 29. Ra4 R3b4 30. Rxb4 Rxb4 31. Bd2 Rxe4 32. Ra2 Na6 33. Ng3 Rh4 34. Kf1 Nc4 35. Be1 Rd4 36. Nxc4 Rxc4 37. Ke2 e6 38. dxe6 fxe6 39. Ra3 Rc2+ 40. Kd1 Rb2 41. Ne4 d5 42. Ng5 Rb1+ 43. Ke2 e5 44. Rf3 e4 45. Rf7 d4 46. Ra7 d3+ 47. Kd2 c4 48. Nxe4 Bh6+ 49. Kc3 Rxe1 50. Ra8+ Bf8 51. f3 Nc7 52. Rc8 Nd5+ 53. Kd4 Rxe4+ 0-1

[Event "Uruguayan Championship 2022"]
[Site "Montevideo"]
[Date "2022.04.11"]
[Round "4.1"]
[White "Diaz Hollemaert, Nahuel"]
[Black "Coppola, Claudio"]
[Result "1/2-1/2"]
[ECO "A25"]
[WhiteElo "2439"]
[BlackElo "2285"]
[Annotator "TA"]
[PlyCount "70"]
[EventDate "2022.04.08"]
[EventType "tourn"]
[EventCountry "URU"]
[SourceTitle "playchess.com"]
[Source "ChessBase"]
[SourceQuality "1"]
[TimeControl "40/5400+30:1800+30"]

1. c4 e5 2. Nc3 Nc6 3. g3 Bc5 4. Bg2 d6 5. Na4 Nge7 6. Nxc5 {[%emt 0:09:40] A25: English Opening vs King's Indian with ...Nc6 but without early d3.} dxc5 7. d3 Be6 8. Nf3 f6 {[%emt 0:04:15] [#]} 9. b3 $146 ({Predecessor:} 9. Nd2 Qd7 10. Ne4 b6 11. h4 O-O 12. Qa4 Rad8 13. Nc3 Qe8 14. Be3 Bd7 15. Nd5 Nxd5 16. Bxd5+ {0-1 (37) Kolbus,D (2315)-Pert,N (2570) Bournemouth 2016}) 9... Qd7 10. h3 O-O-O 11. Bb2 g5 ({Better is} 11... h5 $11) 12. Nd2 $14 Rhf8 13. a3 Kb8 {[%emt 0:06:55] [#]} (13... f5 $1 $14) 14. b4 $1 $16 cxb4 (14... h5 $16) 15. Ne4 ({White should try} 15. axb4 $18 {b5 is the strong threat.} Nxb4 16. Bc3) 15... b6 (15... b3 $14) 16. axb4 Nxb4 17. Bc3 {[%emt 0:05:57] A strong pair of Bishops.} c5 {[%emt 0:11:18] [#]} (17... Nxd3+ $16 {keeps fighting.} 18. Qxd3 (18. exd3 Qxd3 19. Qxd3 Rxd3 $16) 18... Qxd3 19. exd3 Rxd3) 18. Nxf6 $1 $18 Qc7 19. Nxh7 Rg8 20. Qa4 (20. Qc1 $18) 20... Nec6 $16 21. Nf6 Rgf8 22. Ne4 Bd7 23. Qd1 (23. Nxg5 Nd4 24. Qd1 Nbc2+ 25. Kd2 Rxf2 $17) 23... g4 24. h4 Be6 25. Qb1 Nd4 26. Bxd4 (26. Bxb4 $18 cxb4 27. e3) 26... exd4 27. O-O Bc8 28. Qc1 Bb7 29. Qg5 Rg8 30. Qh6 Rh8 31. Qd2 a5 32. Rab1 Ka7 33. Ra1 Kb8 $1 34. Qg5 ({White should play} 34. Ng5) 34... Rhg8 35. Qd2 Rh8 {Weighted Error Value: White=0.21 (precise) /Black=0.23 (precise)} 1/2-1/2

[Event "Uruguayan Championship 2022"]
[Site "Montevideo"]
[Date "2022.04.11"]
[Round "4.2"]
[White "Hoffman, Alejandro"]
[Black "Carbone, Diego"]
[Result "1/2-1/2"]
[ECO "D85"]
[WhiteElo "2403"]
[BlackElo "2272"]
[Annotator "TA"]
[PlyCount "43"]
[EventDate "2022.04.08"]
[EventType "tourn"]
[EventCountry "URU"]
[SourceTitle "playchess.com"]
[Source "ChessBase"]
[SourceQuality "1"]
[TimeControl "40/5400+30:1800+30"]

1. d4 Nf6 2. c4 g6 3. Nc3 d5 4. cxd5 Nxd5 5. e4 Nxc3 6. bxc3 Bg7 7. Qa4+ Qd7 {[%emt 0:01:46] D85: Exchange Grünfeld: Unusual White 7th moves and lines with 7 Nf3.} 8. Qa3 {[%emt 0:00:56] is now debated instead of 8.Qb3.} b6 9. Nf3 c5 10. Be3 Bb7 11. d5 e6 12. Rd1 O-O 13. Be2 exd5 14. exd5 {[%emt 0:00:14] [#]} c4 $146 (14... Bxd5 $2 15. c4 $18) ({Predecessor:} 14... Qd6 15. O-O Nd7 16. c4 Rfe8 17. Rfe1 Nf6 18. Bc1 Ne4 19. Bb2 Bxb2 20. Qxb2 {1-0 (63) Krasenkow,M (2630)-Safarli,E (2641) Porticcio 2017}) 15. O-O Na6 16. Bd4 b5 $1 17. Bxg7 (17. d6 $5 ) 17... Kxg7 {[%emt 0:00:04] The position is equal.} 18. Nd4 Qxd5 19. Bf3 {[%emt 0:00:09] [#]} Qc5 20. Qxc5 Nxc5 21. Bxb7 Nxb7 22. Nxb5 {[%emt 0:00:28] Weighted Error Value: White=0.08 (flawless) /Black=0.07 (flawless)} 1/2-1/2

[Event "Uruguayan Championship 2022"]
[Site "Montevideo"]
[Date "2022.04.11"]
[Round "4.3"]
[White "Vaz Lacuesta, Leonardo"]
[Black "Roselli Mailhe, Bernardo"]
[Result "0-1"]
[ECO "B13"]
[WhiteElo "2018"]
[BlackElo "2426"]
[Annotator "TA"]
[PlyCount "100"]
[EventDate "2022.04.08"]
[EventType "tourn"]
[EventCountry "URU"]
[SourceTitle "playchess.com"]
[Source "ChessBase"]
[SourceQuality "1"]
[TimeControl "40/5400+30:1800+30"]

1. e4 c6 2. d4 d5 3. exd5 cxd5 4. Nf3 Nc6 5. Bd3 Bg4 6. c3 Qc7 7. O-O e6 {[%emt 0:01:46] B13: Caro-Kann: Exchange Variation and Panov-Botvinnik Attack.} 8. Be3 Bd6 9. h3 Bh5 {[%emt 0:00:07] Black has an edge.} 10. Nbd2 Nf6 11. Qc2 O-O {[%emt 0:06:04] [#]} 12. a3 $146 ({Predecessor:} 12. Bg5 Bg6 13. Bxf6 gxf6 14. h4 Rac8 15. a3 e5 16. dxe5 fxe5 17. Bxg6 hxg6 18. Ng5 {0-1 (30) Vora,T (1895)-Tissier,G Biel 2021}) 12... Rfc8 13. Rfc1 Bg6 14. Bxg6 hxg6 15. Qd3 Rab8 16. b3 Qe7 17. a4 b6 18. Bg5 Qc7 19. Bxf6 ({White should play} 19. Re1 $11) 19... gxf6 $15 20. c4 Nb4 21. Qf1 Qd8 22. g3 a5 23. Kg2 Bf8 24. Qe2 Bh6 25. Rc3 (25. h4 $15) 25... Rc7 26. Nf1 ({White should try} 26. Rd1) 26... Rbc8 27. Ne3 Bxe3 28. fxe3 dxc4 29. Rxc4 Rxc4 30. bxc4 Qc7 31. Nd2 Qc6+ 32. Kf2 e5 (32... f5 $17) 33. d5 $1 $11 Qd7 34. Kg2 f5 35. e4 Nc2 $1 36. Ra2 Nd4 37. Qe3 Kg7 38. exf5 Qxf5 39. g4 Qf6 40. Rb2 Qd6 41. Ne4 Qd8 42. Nd2 Qc7 43. Rb1 Re8 44. g5 Qd7 45. Rxb6 Qxa4 46. Qf2 $2 {[%emt 0:03:15][%mdl 8192] Now White is beyond hope.} (46. d6 $11) 46... Nf5 $19 {[%emt 0:03:28] [#] And now ...e4 would win. Active counter play!} 47. Rf6 (47. Rb7 {is the only way for White.} Qc2 48. d6) 47... Qc2 {[%emt 0:06:30] aiming for ...a4. Black is clearly winning.} 48. Nf1 (48. d6 $142 a4 49. Nf1 (49. d7 $2 Rd8 $19) 49... Qxc4 50. Ne3 Nxe3+ 51. Qxe3) 48... Qxc4 49. Ng3 Qxd5+ 50. Kh2 Nxg3 {[%emt 0:00:52] Weighted Error Value: White=0.37/Black=0.08 (flawless)} 0-1

[Event "Uruguayan Championship 2022"]
[Site "Montevideo"]
[Date "2022.04.11"]
[Round "4.4"]
[White "Vazquez, Facundo"]
[Black "Lopez Azambuja, Nicolas"]
[Result "1/2-1/2"]
[ECO "E40"]
[WhiteElo "2319"]
[BlackElo "2318"]
[Annotator "RC"]
[PlyCount "90"]
[EventDate "2022.04.08"]
[EventType "tourn"]
[EventCountry "URU"]
[SourceTitle "playchess.com"]
[Source "ChessBase"]
[SourceQuality "1"]
[TimeControl "40/5400+30:1800+30"]

1. d4 Nf6 2. c4 e6 3. Nc3 Bb4 4. e3 Bxc3+ 5. bxc3 b6 6. Bd3 Nc6 7. Ne2 Ba6 8. Ng3 Na5 9. Qe2 d5 10. e4 Bxc4 11. Bxc4 dxc4 12. O-O Qe7 13. Bg5 h6 14. Bxf6 Qxf6 15. e5 Qg6 16. Ne4 O-O 17. Rad1 Nc6 18. Ng3 b5 19. f4 Ne7 20. f5 Nxf5 21. Nxf5 exf5 22. Qf3 Rfe8 23. Rb1 c6 24. Qxf5 Qxf5 25. Rxf5 Rab8 26. Kf2 a5 27. a3 Red8 28. Ke3 Rd5 29. Ke4 Re8 30. Kf4 Re6 31. Ke4 Kf8 32. a4 Ke7 33. axb5 Rxb5 34. Rxb5 cxb5 35. Kd5 f6 36. Kc5 fxe5 37. d5 g6 38. Rf2 Rd6 39. Re2 b4 40. Rxe5+ Kd7 41. cxb4 axb4 42. Kxc4 Rf6 43. Re2 Kd6 44. Kxb4 Kxd5 45. Kc3 Rf1 1/2-1/2

[Event "Uruguayan Championship 2022"]
[Site "Montevideo"]
[Date "2022.04.11"]
[Round "4.5"]
[White "Carvalho, Guillermo"]
[Black "Rodi, Luis Ernesto"]
[Result "0-1"]
[ECO "D02"]
[WhiteElo "2171"]
[BlackElo "2347"]
[Annotator "RC"]
[PlyCount "58"]
[EventDate "2022.04.08"]
[EventType "tourn"]
[EventCountry "URU"]
[SourceTitle "playchess.com"]
[Source "ChessBase"]
[SourceQuality "1"]
[TimeControl "40/5400+30:1800+30"]

1. d4 d5 2. Nf3 Nf6 3. g3 Bg4 4. Bg2 c6 5. c3 Nbd7 6. Qb3 Qb6 7. Bf4 e6 8. O-O h6 9. h3 Bf5 10. g4 Bh7 11. Nbd2 Be7 12. Ne5 c5 13. Nxd7 Nxd7 14. e4 cxd4 15. cxd4 Nf6 16. e5 Nd7 17. Be3 O-O-O 18. Rfc1+ Kb8 19. Bf1 h5 20. a4 hxg4 21. Qxb6 Nxb6 22. hxg4 Rc8 23. f3 Rxc1 24. Rxc1 Nxa4 25. b3 Nb6 26. f4 Rc8 27. Rxc8+ Kxc8 28. Be2 Bc2 29. Kf2 Bb4 0-1

[Event "Uruguayan Championship 2022"]
[Site "Montevideo"]
[Date "2022.04.11"]
[Round "4.6"]
[White "Granara Barreto, Sebastian"]
[Black "Palacio, Enzo"]
[Result "1-0"]
[ECO "B50"]
[WhiteElo "2131"]
[BlackElo "1896"]
[Annotator "RC"]
[PlyCount "73"]
[EventDate "2022.04.08"]
[EventType "tourn"]
[EventCountry "URU"]
[SourceTitle "playchess.com"]
[Source "ChessBase"]
[SourceQuality "1"]
[TimeControl "40/5400+30:1800+30"]

1. e4 c5 2. Nf3 d6 3. c3 Nf6 4. h3 Nc6 5. Bd3 d5 6. e5 Nd7 7. Bb5 Qb6 8. Bxc6 Qxc6 9. d4 e6 10. O-O Be7 11. Re1 Qb6 12. a4 O-O 13. a5 Qc7 14. Bf4 b6 15. axb6 Nxb6 16. Na3 Bd7 17. dxc5 Qxc5 18. Nd4 Nc4 19. Nxc4 Qxc4 20. Re3 Rfb8 21. b3 Qc8 22. Rg3 g6 23. Qd2 Qd8 24. Bh6 Rb7 25. Qf4 Rc8 26. Rf3 Qe8 27. h4 Rbc7 28. h5 Bf8 29. Bg5 Be7 30. hxg6 fxg6 31. Bf6 Qf7 32. Qg5 Re8 33. Ra6 Bc8 34. Rc6 Rxc6 35. Nxc6 Bxf6 36. exf6 Rf8 37. Ne5 1-0

[Event "Uruguayan Championship 2022"]
[Site "Montevideo"]
[Date "2022.04.12"]
[Round "5.1"]
[White "Palacio, Enzo"]
[Black "Diaz Hollemaert, Nahuel"]
[Result "1/2-1/2"]
[ECO "C92"]
[WhiteElo "1896"]
[BlackElo "2439"]
[Annotator "TA"]
[PlyCount "72"]
[EventDate "2022.04.08"]
[EventType "tourn"]
[EventCountry "URU"]
[SourceTitle "playchess.com"]
[Source "ChessBase"]
[SourceQuality "1"]
[TimeControl "40/5400+30:1800+30"]

1. e4 e5 2. Nf3 Nc6 3. Bb5 a6 4. Ba4 Nf6 5. O-O b5 6. Bb3 Be7 7. Re1 d6 8. c3 O-O 9. h3 Bd7 10. d4 a5 11. a4 {[%emt 0:03:49] C92: Closed Ruy Lopez: 9...Be6, Karpov and Flohr-Zaitsev Variations.} b4 12. Nbd2 bxc3 13. bxc3 {[%emt 0:00:07] White is slightly better.} exd4 14. Nxd4 {[%emt 0:03:57] [#]} Qc8 $146 ({Predecessor:} 14... Re8 15. f4 Bf8 16. N2f3 Nxd4 17. cxd4 Rxe4 18. Bxf7+ Kh8 19. Rxe4 Nxe4 20. Bd5 Nc3 {1-0 (46) Deepan Chakkravarthy,J (2428)-Girinath,P (2350) Visakhapatnam 2006}) 15. Nc4 {[%emt 0:15:56] &Bianco is more active.} Nxd4 ({Better is} 15... Qa6 $14) 16. cxd4 $16 d5 17. exd5 Nxd5 (17... Bb4 $16 {keeps fighting.}) 18. Nb6 $2 cxb6 $11 19. Bxd5 Bb4 20. Ba3 Bxe1 (20... Ra7 $11) 21. Bxf8 $14 ({Reject} 21. Qxe1 Re8 22. Qd2 Ra7 $17) 21... Bc6 22. Qxe1 (22. Bxc6 {looks sharper.} Qxc6 23. Be7 Bb4 24. d5) 22... Bxd5 23. Bxg7 Bxg2 $2 24. Kxg2 {[%emt 0:00:16][%cal Og2h2] [#] Black must now prevent Kh2!} Qc6+ $2 (24... Kxg7 25. Qe5+ f6 26. Qe7+ Kg8) 25. Kh2 $18 Kxg7 {[%emt 0:00:04][%mdl 4096] Endgame KQR-KQR} 26. Qe5+ f6 27. Qe7+ Kh8 {[%emt 0:00:06] [#]} 28. Re1 $2 (28. Rg1 $1 $18 Rg8 29. d5) 28... Qf3 $36 {[%emt 0:00:35][%mdl 2048] ( -> ...Rg8). Black fights for an advantage. The position is equal.} 29. Qe3 Qf5 30. Rg1 Rg8 {[%emt 0:00:33] Against Qg3} 31. Rxg8+ Kxg8 {[%emt 0:00:01] KQ-KQ} 32. Qe8+ Kg7 33. Qe7+ Kg6 34. Qe3 Qd7 35. Qe4+ f5 36. Qe5 Qxa4 {[%emt 0:00:39] Black escapes into a draw.  Weighted Error Value: White=0.40/Black=0.37} 1/2-1/2

[Event "Uruguayan Championship 2022"]
[Site "Montevideo"]
[Date "2022.04.12"]
[Round "5.2"]
[White "Rodi, Luis Ernesto"]
[Black "Granara Barreto, Sebastian"]
[Result "1-0"]
[ECO "B24"]
[WhiteElo "2347"]
[BlackElo "2131"]
[Annotator "TA"]
[PlyCount "75"]
[EventDate "2022.04.08"]
[EventType "tourn"]
[EventCountry "URU"]
[SourceTitle "playchess.com"]
[Source "ChessBase"]
[SourceQuality "1"]
[TimeControl "40/5400+30:1800+30"]

1. e4 c5 2. Nc3 Nc6 3. Bb5 Nd4 4. Nf3 e6 5. O-O a6 6. Bd3 Nc6 {[%emt 0:00:26] B30: Sicilian: 2...Nc6 3 Bb5, lines without ...g6.} 7. Nd5 {[%emt 0:01:20][%cal Oc2c3] 7.e5 is becoming the main line.} d6 8. Ne3 {[%emt 0:00:42] [#]} Nge7 $146 {[%emt 0:02:09] The position is equal.} ({Predecessor:} 8... g5 9. c3 h5 10. Bc2 g4 11. Ne1 Bg7 12. f3 gxf3 13. Nxf3 e5 14. Qe1 h4 {½-½ (39) Khachiyan,M (2525)-Fier,A (2582) Saint Louis 2018}) 9. c3 d5 10. a4 g6 11. exd5 exd5 12. Rb1 Bg7 13. b4 c4 14. Bc2 b5 15. d4 O-O 16. Ra1 Rb8 17. Re1 h6 18. h3 f5 19. Nf1 f4 20. N1h2 g5 21. Ng4 h5 ({Black should try} 21... bxa4 $14 22. Bxa4 (22. Rxa4 Rb6 $14) 22... Rb6) 22. Nge5 g4 23. Nh2 {[%emt 0:06:33] &Bianco is more active.} (23. hxg4 $16 hxg4 {[#]} 24. axb5 $1 axb5 25. Ng5 Nxe5 26. dxe5) 23... Nxe5 (23... Bxe5 $11 24. dxe5 d4) 24. dxe5 $14 g3 {[%emt 0:05:01] [#] This costs Black the game.} (24... Nc6 $1 $14) 25. fxg3 $18 fxg3 26. Nf3 (26. Qxh5 gxh2+ 27. Kxh2 Bf5 28. Bxf5 Nxf5 29. axb5 axb5 $17) 26... Bf5 27. Bxf5 Rxf5 (27... Nxf5 $142 28. axb5 axb5) 28. Nd4 Rxe5 29. Bf4 (29. Rxe5 Bxe5 30. axb5 (30. Qxh5 Bxd4+ 31. cxd4 Qf8 $11) 30... axb5 $16) 29... Rxe1+ 30. Qxe1 Rb6 (30... Bxd4+ $2 31. cxd4 Rb6 32. axb5 (32. Qxg3+ Rg6 $14) 32... axb5 33. Bg5 (33. Qxg3+ Rg6 $18)) (30... Rb7 31. axb5 (31. Bxg3 Qc8 $16) (31. Qxg3 Qb6 $16) 31... axb5) 31. Ne6 {[%emt 0:01:46] White is clearly winning.} ({Worse is} 31. Qxg3 Rg6 32. Qf3 bxa4 $11) 31... Qd7 32. Nxg7 Kxg7 33. Qe5+ Kg8 34. axb5 Ng6 35. Qg5 Re6 (35... Qxb5 $142 36. Bxg3 Re6) 36. Bxg3 axb5 (36... Qxb5 $142 37. Ra5 Qb6+ 38. Rc5 a5) 37. Ra8+ Kg7 38. Bf2 {[%emt 0:00:38] Weighted Error Value: White=0.31/Black=0.44} 1-0

[Event "Uruguayan Championship 2022"]
[Site "Montevideo"]
[Date "2022.04.12"]
[Round "5.3"]
[White "Lopez Azambuja, Nicolas"]
[Black "Carvalho, Guillermo"]
[Result "1/2-1/2"]
[ECO "E06"]
[WhiteElo "2318"]
[BlackElo "2171"]
[Annotator "TA"]
[PlyCount "131"]
[EventDate "2022.04.08"]
[EventType "tourn"]
[EventCountry "URU"]
[SourceTitle "playchess.com"]
[Source "ChessBase"]
[SourceQuality "1"]
[TimeControl "40/5400+30:1800+30"]

1. d4 Nf6 2. c4 e6 3. Nf3 d5 4. g3 Be7 5. Bg2 O-O 6. O-O b6 7. cxd5 exd5 8. Nc3 Bb7 9. Bf4 a6 10. Rc1 Nbd7 11. Ne5 c5 12. Nxd7 {[%emt 0:25:00] E18: Queen's Indian: Old Main Line (4 g3 Bb7 5 Bg2 Be7 6 0-0 0-0 7 Nc3).} Qxd7 13. dxc5 (13. Na4 $16 Qb5 14. Bc7) 13... bxc5 $14 14. Bg5 {[%emt 0:00:29] [#] White is slightly better.} Rad8 $146 ({Predecessor:} 14... d4 15. Bxb7 Qxb7 16. Bxf6 Bxf6 17. Na4 Rfc8 18. Rc4 Qd5 19. b3 Rc6 20. Qd3 Qh5 {1-0 (40) Georgiev,T (2307)-Levine,J (2025) Chess.com INT 2021}) 15. b3 (15. Na4 $16) 15... Bc6 16. Qc2 Qe6 17. Rfd1 h6 18. Bxf6 Bxf6 19. e3 d4 20. exd4 cxd4 21. Ne4 Bxe4 22. Qxe4 Qxe4 23. Bxe4 Rd6 24. Rc7 Bd8 25. Ra7 {[%emt 0:02:42] 0x0.001e7f237ef4dp-1022s more active pieces.} g6 {[%emt 0:03:25] [#]} ({Black should play} 25... a5 $14) 26. Bd3 (26. b4 $1 $16) 26... a5 $1 27. Re1 Kg7 28. Re4 Bb6 29. Rb7 Bd8 30. Kf1 h5 31. Ke2 Kh6 32. Bc4 (32. f4 $14) 32... f5 $11 33. Re5 d3+ 34. Bxd3 Bf6 35. Re3 ({But not} 35. Rxa5 $2 Re8+ 36. Kf1 (36. Kd2 $2 Red8 $19) 36... Rxd3 $19) 35... Rfd8 36. f4 R8d7 37. Rxd7 Rxd7 $14 {[%emt 0:00:06][%mdl 4096] Endgame KRB-KRB} 38. Re6 Kg7 39. Kd2 Rc7 40. Bc4 Be7 41. Kc3 Bf6+ 42. Kd3 Rd7+ 43. Ke3 Bd4+ 44. Kf3 Bc3 45. h3 Bf6 46. Re8 Bb2 47. Rg8+ Kf6 48. Ra8 Bc3 49. Ra6+ Kg7 50. Rb6 Re7 51. Rb5 Ra7 52. Bd5 Be1 53. Bb7 a4 54. b4 a3 55. Bd5 (55. Rb6 $5 ) 55... Rd7 56. Bb3 Bc3 57. Ke2 Rd2+ 58. Ke3 Rb2 (58... Rg2 $11 {remains equal.}) 59. Rb7+ $16 Kf8 ({Better is} 59... Kh6 $1 $14) 60. Rf7+ (60. b5 $16 {Threatens to win with b6.} Ba5 61. Bd5) 60... Ke8 $11 {[%emt 0:00:00] The position is equal.} 61. Ra7 Bxb4 62. Kd4 {[%emt 0:00:00] Inhibits Bc5+.} Be7 63. Be6 Rd2+ 64. Ke3 Bc5+ 65. Kxd2 Bxa7 66. Ke2 {[%emt 0:00:05] Weighted Error Value: White=0.17 (very precise) /Black=0.18 (very precise)} 1/2-1/2

[Event "Uruguayan Championship 2022"]
[Site "Montevideo"]
[Date "2022.04.12"]
[Round "5.4"]
[White "Roselli Mailhe, Bernardo"]
[Black "Vazquez, Facundo"]
[Result "1-0"]
[ECO "A29"]
[WhiteElo "2426"]
[BlackElo "2319"]
[Annotator "RC"]
[PlyCount "85"]
[EventDate "2022.04.08"]
[EventType "tourn"]
[EventCountry "URU"]
[SourceTitle "playchess.com"]
[Source "ChessBase"]
[SourceQuality "1"]
[TimeControl "40/5400+30:1800+30"]

1. c4 e5 2. Nc3 Nf6 3. Nf3 Nc6 4. g3 d5 5. cxd5 Nxd5 6. d3 Nb6 7. Bg2 Be7 8. O-O O-O 9. a3 a5 10. Be3 Re8 11. Rc1 a4 12. Bxb6 cxb6 13. Nd2 Bg5 14. e3 Be6 15. Nxa4 Na5 16. Qc2 Rc8 17. Qb1 Rxc1 18. Rxc1 Nb3 19. Nxb3 Bxb3 20. Nc3 Qd7 21. Ne4 Be7 22. Rc3 Bd5 23. Nd2 Bxg2 24. Kxg2 Qd5+ 25. Kg1 h5 26. Qd1 h4 27. Qg4 hxg3 28. hxg3 g6 29. Qc4 Qd7 30. Qc7 Qb5 31. Nc4 e4 32. dxe4 Qh5 33. Rc1 Kg7 34. Kg2 Bd8 35. Qf4 Rh8 36. Qe5+ Qxe5 37. Nxe5 Bf6 38. Nd3 Rd8 39. Rd1 Rc8 40. e5 Be7 41. Rc1 Rd8 42. Rc3 Rd5 43. Kf3 1-0

[Event "Uruguayan Championship 2022"]
[Site "Montevideo"]
[Date "2022.04.12"]
[Round "5.5"]
[White "Carbone, Diego"]
[Black "Vaz Lacuesta, Leonardo"]
[Result "1-0"]
[ECO "E04"]
[WhiteElo "2272"]
[BlackElo "2018"]
[Annotator "TA"]
[PlyCount "67"]
[EventDate "2022.04.08"]
[EventType "tourn"]
[EventCountry "URU"]
[SourceTitle "playchess.com"]
[Source "ChessBase"]
[SourceQuality "1"]
[TimeControl "40/5400+30:1800+30"]

1. d4 Nf6 2. c4 e6 3. g3 d5 4. Nf3 dxc4 5. Bg2 Nc6 6. Qa4 Bb4+ 7. Bd2 Nd5 8. Bxb4 Ndxb4 9. O-O O-O {[%emt 0:01:21] E04: Open Catalan: 5 Nf3.} (9... Rb8 $11) 10. Na3 (10. a3 $16 Nd5 11. Qxc4) 10... Rb8 11. Qb5 $1 Qe7 {[%emt 0:03:11] White is slightly better.} 12. Qxc4 Bd7 13. e4 {[%emt 0:09:44] [#]} Rfc8 $146 ({Predecessor:} 13... a6 14. Qc3 Rfc8 15. Rfd1 b5 16. d5 exd5 17. exd5 Nxd5 18. Rxd5 b4 19. Qd3 Be6 {½-½ (45) Tkachiev,V (2634)-Godena,M (2552) Cannes 1999}) 14. Rfd1 b6 ({Black should try} 14... b5 $14 15. Qe2 (15. Nxb5 Na5 $17) 15... a6) 15. Nb1 (15. d5 $16) 15... Na5 $14 16. Qc3 (16. Qe2 $5 ) 16... c5 {[%emt 0:06:33] White must now prevent ...cxd4.} 17. d5 exd5 18. exd5 Rd8 {[%emt 0:03:35] [#]} (18... Bf5 $11) 19. a3 $1 $16 Na6 20. Nbd2 Nb7 ({Better is} 20... Be8 $14) 21. Re1 Qf8 {[%emt 0:05:28] [#]} 22. Nc4 ({Don't take} 22. Qd3 Nc7 $14) (22. Ne5 $1 $16) 22... f6 $11 23. Rad1 Be8 (23... Nc7 $11 {remains equal.}) 24. Nh4 $36 {[%emt 0:01:51][%cal Od5d6,Bf3h4,Bh4f5,Bf5e7][%mdl 2080] d6! is the strong threat. Black is under strong pressure. &Bianco is much more active.} b5 (24... Kh8 $16) 25. Na5 $18 Nxa5 (25... b4 $142 26. axb4 cxb4) 26. Qxa5 Rb6 27. Nf5 g6 $2 (27... Kh8 28. Re3 g6) 28. Ne7+ {[%emt 0:00:23] White is clearly winning.} Kh8 29. Nc6 Rd6 30. Nxa7 Nb8 (30... Rb7 $142 31. Nc8 Bf7) 31. Nc8 Ra6 {[%emt 0:00:13] [#]} 32. Nxd6 $1 Rxd6 33. Qc7 Na6 {[%emt 0:00:40] [#]} 34. Rxe8 $1 {[%emt 0:00:26] Weighted Error Value: White=0.25 (precise) /Black=0.42} 1-0

[Event "Uruguayan Championship 2022"]
[Site "Montevideo"]
[Date "2022.04.12"]
[Round "5.6"]
[White "Coppola, Claudio"]
[Black "Hoffman, Alejandro"]
[Result "1/2-1/2"]
[ECO "A44"]
[WhiteElo "2285"]
[BlackElo "2403"]
[Annotator "TA"]
[PlyCount "79"]
[EventDate "2022.04.08"]
[EventType "tourn"]
[EventCountry "URU"]
[SourceTitle "playchess.com"]
[Source "ChessBase"]
[SourceQuality "1"]
[TimeControl "40/5400+30:1800+30"]

1. d4 c5 2. d5 e5 3. e4 d6 4. c4 Nf6 5. Nc3 Be7 6. g3 O-O 7. Bg2 Na6 {[%emt 0:02:24] 7...Nbd7 is becoming the main line.} 8. Nge2 Ne8 9. O-O {[%emt 0:00:21] A56: Czech Benoni.} Bd7 10. a3 Nec7 11. f4 {[%emt 0:02:25] aiming for fxe5. White is slightly better.} Bf6 12. a4 Nb4 {[%emt 0:07:17] [#]} 13. Nb5 $146 ({White should try} 13. f5 $14) ({Predecessor:} 13. f5 b6 14. h4 a6 15. Kh2 Qe7 16. Ng1 b5 17. Nf3 bxc4 18. g4 Bxh4 19. g5 {0-1 (42) Nazaretyan,T (2316)-Hoffmann,A (2185) Chess.com INT 2021}) 13... Nxb5 $1 $15 14. axb5 a6 15. bxa6 b5 16. fxe5 Bxe5 17. Bf4 Qe7 (17... bxc4 $15 18. Bxe5 dxe5) 18. Bxe5 $11 Qxe5 19. a7 Qxb2 20. Nf4 bxc4 {[%emt 0:02:51] [#] Strongly threatening ...Qe5.} 21. Qe2 $2 (21. Ne6 $1 $11 fxe6 22. Rxf8+ Kxf8 23. dxe6) 21... Qd4+ $19 22. Qf2 Qe5 23. Ne2 (23. Kh1 {keeps fighting.}) 23... c3 (23... Bg4 $19 {Hoping for ...c3.} 24. Nf4 c3) 24. Qf4 $17 c2 (24... Qxf4 $142 25. gxf4 c2) 25. Qxe5 dxe5 26. Ra5 {[%emt 0:03:54] Prevents Bb5.} Rfc8 27. Rfa1 c4 28. Nc1 Nd3 {[%emt 0:00:23] And now ...Nc5 would win.} 29. Bf1 (29. R5a2 $11 {remains equal.}) 29... Nc5 {[%emt 0:00:28] Threatens to win with ...Nb3.} 30. Bxc4 {[%emt 0:04:21] [#]} Nb7 $1 ({Don't play} 30... Nxe4 31. Bd3 Nd6 32. Ra6 $11) 31. Ba6 Rxa7 32. R5a2 h5 ({Better is} 32... f5 $17 33. Bd3 Rxa2 34. Rxa2 Nd6 35. Rxc2 fxe4 36. Rxc8+ Bxc8) 33. Bd3 $11 {[%emt 0:00:42][%csl LRa7,LRc2] The position is equal.} Rxa2 34. Rxa2 Nc5 35. Rxc2 f6 36. Rc3 Kf7 37. Bc2 Ke7 38. Nb3 Kd6 39. Nd2 Bb5 40. Kf2 {[%emt 0:02:18] Weighted Error Value: White=0.20 (precise) /Black=0.18 (very precise)} 1/2-1/2